 Dungeon Crawl Stone Soup version 0.20.1-1-g8b1a95d (webtiles) character file.

71 Peloso the Skirmisher (level 4, -3/35 HPs)
             Began as a Demonspawn Fighter on July 30, 2017.
             Slain by Sigmund
             ... wielding a +0 scythe of holy wrath
              (4 damage)
             ... on level 2 of the Dungeon.
             The game lasted 00:02:33 (1244 turns).

Peloso the Skirmisher (Demonspawn Fighter)          Turns: 1244, Time: 00:02:34

Health: -3/35      AC: 13    Str: 22    XL:     4   Next: 5%
Magic:  4/4        EV:  7    Int: 10    God:
Gold:   69         SH: 12    Dex: 12    Spells: 3/3 levels left

rFire    . . .     SeeInvis .   a - +0 long sword
rCold    . . .     Gourm    .   c - +0 shield
rNeg     . . .     Faith    .   b - +0 scale mail
rPois    .         Spirit   .   (no helmet)
rElec    .         Reflect  +   (no cloak)
rCorr    .         Harm     .   t - +0 pair of gloves
MR       +....                  p - +2 pair of boots
Stlth    ..........             k - +3 amulet of reflection
Regen    0.2/turn               l - ring of protection from magic
MPRegen  0.1/turn               n - +2 ring of slaying

@: mighty
A: hooves 1, thin metallic scales 1
a: no special abilities


You were on level 2 of the Dungeon.
You were very hungry.

You visited 1 branch of the dungeon, and saw 2 of its levels.

You collected 69 gold pieces.

Inventory:

Hand Weapons
 a - a +0 long sword (weapon)
Armour
 b - a +0 scale mail (worn)
 c - a +0 shield (worn)
 p - a +2 pair of boots (worn)
 t - a +0 pair of gloves (worn)
Jewellery
 k - a +3 amulet of reflection (around neck)
 l - a ring of protection from magic (left hand)
 n - a +2 ring of slaying (right hand)
Scrolls
 g - a scroll of enchant armour {unknown}
 h - a scroll of recharging {unknown}
 i - a scroll of immolation {unknown}
 m - a scroll of remove curse {unknown}
 r - 2 scrolls of identify {unknown}
Potions
 d - 2 potions of might
 e - 2 potions of agility {unknown}
 o - a potion of cancellation {unknown}
 s - 2 potions of haste {unknown}
Comestibles
 f - 2 bread rations
 j - a royal jelly
 q - a meat ration


   Skills:
 + Level 3.4 Fighting
 + Level 2.6 Long Blades
 + Level 2.9 Armour
 + Level 0.3 Dodging
 + Level 3.3 Shields


You had 3 spell levels left.
You didn't know any spells.

Dungeon Overview and Level Annotations

Branches:
Dungeon (2/15)

Altars:

Annotations:
D:2 Sigmund


Innate Abilities, Weirdness & Mutations

You have large cloven feet.
You are partially covered in thin metallic scales. (AC +2)


Message History

You miss something. Something hits you.
You convulse.
* * * LOW HITPOINT WARNING * * *
You slash something!
You hear some strange, mumbled words.
Something tries to affect you, but you resist.
You feel very mighty all of a sudden. Something hits you.
* * * LOW HITPOINT WARNING * * *
You convulse.
* * * LOW HITPOINT WARNING * * *
Your scale mail prevents you from hitting something.
Something hits you.
* * * LOW HITPOINT WARNING * * *
You convulse.
* * * LOW HITPOINT WARNING * * *
Unknown command.
You miss something. Something hits you but does no damage.
Unknown command.
You closely miss something. Something hits you.
You die...

....w!...+ #.##....#
........%#######.##....#
.........#.....#.##....#
...$.....#.###.#.##....#
.........#.# #.#.##....###
........##.###.#.##....##.
#.......##.....#.########.
#.......##).####.# #.
#......w{@..# #.# #.
#.......###.# #.# ######.
#.......# #.# #.# #...###
######### #.# ##'###.#.###
#.# #......#...) #.#
#...####.... #.#
#...'.......
#.###...##......
#.##....####....


You could see a worm.

Vanquished Creatures
  Jessica (D:2)
  A gnoll (D:1)
  2 leopard geckos (D:1)
  2 giant cockroaches (D:1)
  4 goblins
  6 hobgoblins (D:1)
  3 kobolds
  A quokka (D:2)
  A ball python (D:1)
  2 bats
  A frilled lizard (D:1)
  9 rats (D:1)
33 creatures vanquished.

Notes
Turn   | Place    | Note
-------+----------+-------------------------------------------
     0 | D:1      | Peloso the Demonspawn Fighter began the quest for the Orb.
     0 | D:1      | Reached XP level 1. HP: 18/18 MP: 1/1
    96 | D:1      | Gained mutation: You are partially covered in thin metallic scales. (AC +2) [demonic ancestry]
    96 | D:1      | Reached XP level 2. HP: 23/24 MP: 2/2
   583 | D:1      | Gained mutation: You have large cloven feet. [demonic ancestry]
   583 | D:1      | Reached XP level 3. HP: 28/29 MP: 3/3
  1013 | D:2      | Noticed Jessica
  1020 | D:2      | Killed Jessica
  1020 | D:2      | Reached XP level 4. HP: 35/35 MP: 4/4
  1223 | D:2      | Noticed Sigmund
  1242 | D:2      | HP: 1/35 [something (1)]
  1244 | D:2      | Slain by Sigmund

Skill      XL: |  1  2 |
---------------+-------+-----
Long Blades    | 2 |  2.6
Shields        | 3 |  3.3
Fighting       | |  3.4
Armour         | |  2.9
Dodging        | |  0.3

Action                   |  1- 3 |  4- 6 || total
-------------------------+-------+-------++-------
Melee: Long sword        |    96 |    16 ||   112
       Kick              |     3 |       ||     3
  Use: Potion            |       |     1 ||     1
Armor: Scale mail        |    46 |     5 ||    51
Dodge: Dodged            |    25 |     2 ||    27
Block: Shield            |    62 |     1 ||    63
       Reflection        |     1 |       ||     1
       Rpst.: Long sword |     7 |     1 ||     8
